 Dungeon Crawl Stone Soup version 0.27-a0-1188-g73eefd5def (webtiles) character file.

Game seed: 8111672244017049575

359 ZappyNine the Sneak (level 6, -1/34 (36) HPs)
             Began as a Kobold Venom Mage on May 20, 2021.
             Slain by Crazy Yiuf
             ... wielding a +2 quarterstaff of chaos
              (8 damage)
             ... on level 4 of the Dungeon.
             The game lasted 00:08:33 (5843 turns).

ZappyNine the Sneak (Kobold Venom Mage)             Turns: 5843, Time: 00:08:34

HP:   -1/34 (36)    AC:  2    Str: 11    XL:     6   Next: 97%
MP:   1/9           EV: 15    Int: 22    God:
Gold: 148           SH:  0    Dex: 18    Spells: 0/10 levels left

rFire    . . .     SeeInvis .   f - staff of poison
rCold    . . .     Faith    .   (shield currently unavailable)
rNeg     . . .     Spirit   .   a - +0 robe
rPois    +         Reflect  .   (no helmet)
rElec    .         Harm     .   (no cloak)
rCorr    .         Rampage  .   (no gloves)
Will     .....                  (no boots)
Stlth    ++++......             k - amulet of magic regeneration
HPRegen  0.11/turn              j - +6 ring of strength
MPRegen  0.36/turn              l - +6 ring of intelligence

@: very slightly contaminated, drained
A: small, no large weapons, nightstalker 3
a: no special abilities


You were on level 4 of the Dungeon.
You visited 1 branch of the dungeon, and saw 4 of its levels.

You collected 148 gold pieces.

Inventory:

Hand Weapons
 b - a +1 dagger of venom
Missiles
 g - 5 atropa-tipped darts
Armour
 a - a +0 robe (worn)
Magical Staves
 f - a staff of poison (weapon)
Jewellery
 j - a +6 ring of strength (left hand)
 k - an amulet of magic regeneration (around neck)
 l - a +6 ring of intelligence (right hand)
Wands
 m - a wand of charming (6)
 n - a wand of polymorph (10)
Scrolls
 h - a scroll of teleportation
 i - 2 scrolls of identify
Potions
 c - a potion of lignification
 d - 2 potions of curing
 e - 2 potions of berserk rage


   Skills:
 - Level 2.4 Fighting
 - Level 2.9 Short Blades
 - Level 2.4 Dodging
 - Level 6.2 Stealth
 - Level 2.6 Spellcasting
 - Level 1.0 Transmutations
 - Level 2.0 Air Magic
 + Level 4.0 Poison Magic


You couldn't memorise any spells.
You knew the following spells:

 Your Spells              Type           Power      Damage    Failure   Level
a - Sting                 Tmut/Pois      80%        1d7       4%          1
b - Poisonous Vapours     Pois/Air       48%        N/A       5%          2
c - Olgreb's Toxic Radia  Pois           30%        N/A       24%         4
d - Ignite Poison         Fire/Tmut/Pois 15%        N/A       19%         3

Your spell library contained the following spells:

 Spells                   Type           Power      Damage    Failure   Level
 Magic Dart               Conj           8%         1d3       13%         1
 Mephitic Cloud           Conj/Pois/Air  17%        N/A       17%         3
 Searing Ray              Conj           4%         3d3       21%         2
 Dazzling Flash           Conj/Hex       4%         N/A       36%         3
 Fulminant Prism          Conj/Hex       1%         3d6       78%         4
 Iskenderun's Mystic Bla  Conj/Tloc      2%         2d3       78%         4


Dungeon Overview and Level Annotations

Branches:
Dungeon (4/15)
 Temple: D:4-7

Altars:
Uskayaw

Annotations:
D:4 Crazy Yiuf


Innate Abilities, Weirdness & Mutations

You are small and have problems with some larger weapons.
You are completely attuned to the shadows.


Message History

You open the door.
Casting: Sting (safe; 4% risk of failure)
Confirm with . or Enter, or press ? or * to list all spells.
Aiming: Poisonous Vapours (safe; 5% risk of failure)
Press: ? - help, Dir - move target, f - Crazy Yiuf
Aim: Crazy Yiuf, wielding a +2 quarterstaff of chaos and wearing a +0 cloak You feel a surge of power!
Poisonous vapours surround Crazy Yiuf!
Crazy Yiuf is poisoned.
Casting: Poisonous Vapours (safe; 5% risk of failure)
Confirm with . or Enter, or press ? or * to list all spells.
Aiming: Poisonous Vapours (safe; 5% risk of failure)
Press: ? - help, Dir - move target, f/p - Crazy Yiuf
Aim: Crazy Yiuf, wielding a +2 quarterstaff of chaos and wearing a +0 cloak (poisoned)
You feel a surge of power!
Poisonous vapours surround Crazy Yiuf!
Crazy Yiuf is engulfed in poison gas.
Crazy Yiuf looks even sicker.
Crazy Yiuf hits you with a +2 quarterstaff of chaos!
Casting: Poisonous Vapours (safe; 5% risk of failure)
Confirm with . or Enter, or press ? or * to list all spells.
Aiming: Poisonous Vapours (safe; 5% risk of failure)
Press: ? - help, Dir - move target, f/p - Crazy Yiuf
Aim: Crazy Yiuf, wielding a +2 quarterstaff of chaos and wearing a +0 cloak (poison gas, lightly wounded, very poisoned)
You feel a surge of power!
You miscast Poisonous Vapours.
You are very lightly contaminated with residual magic.
Nothing appears to happen.
Crazy Yiuf is engulfed in poison gas.
Crazy Yiuf looks even sicker.
Crazy Yiuf closely misses you.
Casting: Poisonous Vapours (safe; 5% risk of failure)
Confirm with . or Enter, or press ? or * to list all spells.
The spell is extremely dangerous to cast (24% risk of failure)!
Continue anyway?
You feel a surge of power!
You begin to radiate toxic energy.
Crazy Yiuf looks as sick as possible!
Crazy Yiuf misses you.
Unknown command.
Your toxic aura wanes.
Crazy Yiuf yells, "Peeping stair wrapper!"
You hit Crazy Yiuf but do no damage.
Crazy Yiuf is heavily wounded.
Crazy Yiuf hits you with a +2 quarterstaff of chaos!!
Ouch! That really hurt!
* * * LOW HITPOINT WARNING * * *
You feel drained.
You die...

#####.####.#
##....#
#.#.#.#
....<......#
#.....#
#.#.#.#
#####.######
#....##
#.....#####
)# ##.....#
#....#
##..........
<###...####
♣....♣
#.......####
.......#
♣♣...♣
##.....##
####...#
♣♣.♣♣
##.)..#
##.## ♣♣.♣
##.#.# # #.#
♣@♣♣ #.#.#
#####.# ♣♣g♣
#...#
##....##
♣.♣♣ ###.#
.#.#...#
*#'#* #.#
.._....#
*...* #.#
##.##..#
#...# #.#
### #.##..#
#)..# #.#
#.. #.....#
***** #.#
#.# ####..#
#######.#
#..


You could see Crazy Yiuf (very poisoned).

Vanquished Creatures
  Blork the orc (D:4)
  A scorpion (D:4)
  Ijyb (D:4)
  An orc wizard (D:4)
  2 adders
  3 gnolls (D:3)
  2 ufetubi (D:4)
  3 worms
  5 dart slugs
  16 orcs
  5 endoplasms
  A giant cockroach (D:1)
  7 goblins
  10 hobgoblins
  6 jackals
  8 kobolds
  4 quokkas
  4 ball pythons
  4 bats
  A frilled lizard (D:3)
  5 rats
90 creatures vanquished.

Notes
Turn   | Place    | Note
-------+----------+-------------------------------------------
     0 | D:1      | ZappyNine the Kobold Venom Mage began the quest for the
                  | Orb.
     0 | D:1      | Reached XP level 1. HP: 10/10 MP: 3/3
   239 | D:1      | Reached skill level 3 in Stealth
   242 | D:1      | Reached XP level 2. HP: 15/15 MP: 5/5
   246 | D:1      | Learned a level 2 spell: Poisonous Vapours
   313 | D:1      | Found a faded altar of an unknown god.
   840 | D:1      | Reached XP level 3. HP: 19/19 MP: 6/6
  1214 | D:2      | Reached skill level 1 in Air Magic
  1847 | D:2      | Reached XP level 4. HP: 18/24 MP: 4/7
  3082 | D:3      | Reached skill level 4 in Stealth
  3281 | D:3      | Reached skill level 1 in Short Blades
  3310 | D:3      | Reached skill level 1 in Fighting
  3450 | D:3      | Reached XP level 5. HP: 29/29 MP: 8/8
  4207 | D:3      | Reached skill level 5 in Stealth
  5069 | D:4      | Found a hide-covered altar of Uskayaw.
  5165 | D:4      | Reached XP level 6. HP: 29/35 MP: 9/9
  5403 | D:4      | Noticed Ijyb
  5406 | D:4      | Killed Ijyb
  5451 | D:4      | Reached skill level 6 in Stealth
  5643 | D:4      | Noticed Blork the orc
  5647 | D:4      | Killed Blork the orc
  5698 | D:4      | Learned a level 4 spell: Olgreb's Toxic Radiance
  5702 | D:4      | Learned a level 3 spell: Ignite Poison
  5832 | D:4      | Found a runed translucent door.
  5835 | D:4      | Noticed Crazy Yiuf
  5843 | D:4      | Slain by Crazy Yiuf

Illustrated notes

Levels and vault maps discovered:
D:1:      lemuel_arrival_lava_pool, layout_loops_ring,
          hellmonk_ecumenical_altar_arch_garden, minmay_misc_feat_more_columns
D:2:      layout_basic
D:3:      layout_basic, kennysheep_generic_room_2
D:4:      layout_loops_ring, lemuel_crystal_altar, uniq_ijyb,
          uniq_crazy_yiuf_cottage, uniq_blork_the_orc

Skill      XL: |  1  2  3  4  5  6 |
---------------+-------------------+-----
Stealth        | 3 4 5 6 |  6.2
Air Magic      | 2 |  2.0
Short Blades   | 1 2 |  2.9
Fighting       | 1 2 |  2.4
Poison Magic   | 4 |  4.0
Dodging        | |  2.4
Spellcasting   | |  2.6
Transmutations | |  1.0

Action                   |  1- 3 |  4- 6 || total
-------------------------+-------+-------++-------
Melee: Dagger            |    60 |   124 ||   184
       Unarmed           |     2 |       ||     2
       Staff             |       |     6 ||     6
 Cast: Sting             |     6 |     7 ||    13
       Poisonous Vapours |     7 |    21 ||    28
       Olgreb's Toxic Ra |       |     1 ||     1
  Use: Scroll            |     1 |     8 ||     9
 Stab: Sleeping          |    11 |    22 ||    33
Armor: Robe              |     8 |     4 ||    12
Dodge: Dodged            |    39 |    75 ||   114

Table legend: (Time is in decaauts)
 A = Elapsed time spent in this place.
 B = Non-inter-level travel time spent in this place.
 C = Inter-level travel time spent in this place.
 D = Time resting spent in this place.
 E = Time spent auto-exploring this place.
 F = Levels seen in this place.
 G = Mean time per level.
                   A        B        C        D        E       F      G
               +--------+--------+--------+--------+--------+-----+--------+
         Total |   5834 |   5780 |     54 |    852 |   4278 |   4 | 1458.5 |
       Dungeon |   5834 |   5780 |     54 |    852 |   4278 |   4 | 1458.5 |
               +--------+--------+--------+--------+--------+-----+--------+

Top non-repeatable levels by time:
     D:2: 1614 daAuts
     D:3: 1590 daAuts
     D:4: 1421 daAuts
     D:1: 1208 daAuts
